AoeStats
← Ok Boomer

Nomad

509704188Analyzed
2v2 RM · 6d ago on Sep 27, 2026· 28m 31s· 4 players
Game mode
Random Map
Map size
176×176
Population
200
Speed
Normal
Resources
Standard
Victory
Conquest
Starting age
Dark Age
Ending age
Imperial Age
RankedLock teamsTeams togetherTeam positionsShared explorationLock speedFull tech treeHidden civsTurbo modeCheats
Victory
Defeat
🇨🇭 Wu · Switzerland
1337
+16
🇨🇭 Koreans · Switzerland
1336
+16
🇳🇱 Varangians · Netherlands
1349
-17
1309
-15
UF.Divine.Retirado.EscalaAnark
5:05 Loom
13:30 Feudal Age
14:35 Double-Bit Axe
20:46 Castle Age
19:51 Fletching
22:11 Forging
21:58 Bodkin Arrow
Pumpk1nL0rd
2:47 Loom
15:47 Feudal Age
16:27 Double-Bit Axe
16:30 Town Watch
20:12 Fishing Lines
22:36 Castle Age
23:32 Medium Warships
25:39 Squires
25:24 Arson
Ok Boomer
4:42 Loom
12:28 Feudal Age
18:50 Castle Age
17:47 Double-Bit Axe
19:44 Medium Warships
23:54 Scale Mail Armor
24:05 Forging
23:46 Fishing Lines
24:35 Gillnets
27:29 Squires
BETTERGETLOOM
5:48 Loom
13:24 Feudal Age
17:37 Castle Age
17:07 Fishing Lines
17:54 Gold Mining
17:51 Double-Bit Axe
19:21 Bow Saw
19:26 Scale Mail Armor
19:37 Forging
20:35 Chain Mail Armor
21:50 Horse Collar
23:28 Squires
23:14 Arson
Connection lost

Rejoining the realm…

Still unreachable

The connection could not be restored.

Session expired

The server has moved on; the page needs a fresh start.